 Dungeon Crawl Stone Soup version bcrawl-1.12-10-g10a67aac0f (webtiles) character file.

Game seed: 7471397975217613111

27909 MisterOstroum the Covert (level 13, -7/109 HPs)
             Began as a Formicid Archaeologist on June 14, 2019.
             Was an Elder of Dithmenos.
             Mangled by a frost giant
             ... wielding a +2 battleaxe of freezing
              (17 damage)
             ... in an ice cave.
             The game lasted 00:50:03 (14950 turns).

MisterOstroum the Covert (Formicid Archaeologist)  Turns: 14950, Time: 00:50:03

Health: -7/109     AC: 11    Str: 28    XL:     13   Next: 69%
Magic:  15/15      EV: 17    Int: 13    God:    Dithmenos [****..]
Gold:   1259       SH:  0    Dex: 14    Spells: 13/16 levels left

rFire    . . .     SeeInvis +   a - +16 sapphire dagger {flash freeze, rF- rC++ MR+}
rCold    + + +     Gourm    .   (no shield)
rNeg     . . .     Faith    +   k - +3 leather armour {rF+}
rPois    .         Spirit   .   (helmet unavailable)
rElec    .         Reflect  .   D - +1 cloak
rCorr    .         Harm     .   g - +0 pair of gloves {Str+3}
MR       +++..                  j - +1 pair of boots
Stlth    ++++++++..             w - amulet of faith
HPRegen  0.28/turn              o - ring of protection from magic
MPRegen  0.14/turn              f - ring "Wukim" {rC+ Dex+3}

@: mighty, wreathed by umbra
A: permanent stasis, dig shafts and tunnels, four strong arms, antennae 3,
talons 1, low mp 1
a: Dig, Shaft Self, Shadow Step, Renounce Religion


You were in an ice cave.
You worshipped Dithmenos.
Dithmenos was greatly pleased with you.
You were not hungry.

You visited 3 branches of the dungeon, and saw 16 of its levels.
You also visited: Gauntlet and Ice Cave.

You collected 1292 gold pieces.
You spent 33 gold pieces at shops.

Inventory:

Hand Weapons
 a - the +16 sapphire dagger (weapon) {flash freeze, rF- rC++ MR+}

   It has been specially enchanted to freeze those struck by it, causing extra
   injury to most foes and up to half again as much damage against particularly
   susceptible opponents.
   It can also slow down cold-blooded creatures.
   It makes you vulnerable to fire.
   It greatly protects you from cold.
   It affects your resistance to hostile enchantments.
 b - a +4 blowgun
 i - a +0 shortbow
Missiles
 l - 41 exploding tomahawks
 s - 1964 stones (quivered)
 u - 125 tomahawks of dispersal {!f}
 y - 533 poisoned needles
 C - 422 javelins
 E - 111 tomahawks
Armour
 g - a +0 pair of gloves of strength (worn)
 j - a +1 pair of boots (worn)
 k - a +3 leather armour of fire resistance (worn)
 D - a +1 cloak (worn)
 F - +0 swamp dragon scales
 U - a +0 plate armour
Jewellery
 f - the ring "Wukim" (right hand) {rC+ Dex+3}
   (You found it in a Gauntlet)

   [ring of dexterity]

   It affects your dexterity (+3).
   It protects you from cold.
 o - a ring of protection from magic (left hand)
 w - an amulet of faith (around neck)
 x - a +5 ring of strength
 O - an uncursed ring of resist corrosion
Wands
 d - a wand of clouds (10)
 h - a wand of flame (81)
 r - a wand of polymorph (14)
 B - a wand of enslavement (22)
 G - a wand of iceblast (18)
 J - a wand of digging (9)
 R - a wand of acid (24)
Scrolls
 m - 10 scrolls of remove curse {@r2}
 n - 3 scrolls of fear {!r}
 p - a scroll of acquirement {unknown}
 q - 2 scrolls of amnesia
 P - a scroll of immolation
Potions
 c - 2 potions of ambrosia
 t - a potion of lignification {@q6}
 z - 6 potions of flight
 A - a potion of curing {@q1 !q}
 I - 7 potions of might {@q3 !q}
 K - 3 potions of resistance
Comestibles
 e - 29 rations {!d}


   Skills:
 - Level 12.5 Fighting
 - Level 10.0 Short Blades
 + Level 7.6 Throwing
 + Level 8.9 Dodging
 - Level 13.3 Stealth
 + Level 2.2 Spellcasting
 + Level 2.5 Hexes
 - Level 4.0 Invocations
 - Level 5.2 Evocations


You had 13 spell levels left.
You knew the following spells:

 Your Spells              Type           Power        Failure   Level  Hunger
a - Confuse               Hex            #.......     28%         3    ####...

Your spell library contained the following spells:

 Spells                   Type           Power        Failure   Level  Hunger
 Corona                   Hex            #......      10%         1    ##.....
 Slow                     Hex            #.......     10%         1    ##.....
 Animate Skeleton         Necr           N/A          28%         1    ##.....
 Apportation              Tloc           #.....       28%         1    ##.....
 Freeze                   Ice            #...         28%         1    ##.....
 Magic Dart               Conj           #...         28%         1    ##.....
 Pain                     Necr           #...         28%         1    ##.....
 Summon Small Mammal      Summ           #...         28%         1    ##.....
 Tukima's Dance           Hex            #.......     28%         3    ####...
 Call Imp                 Summ           #.......     38%         2    ###....
 Throw Frost              Conj/Ice       #.....       38%         2    ###....
 Dazzling Spray           Conj/Hex       #.....       43%         3    ####...
 Call Canine Familiar     Summ           #.......     63%         3    ####...
 Conjure Flame            Conj/Fire      #.......     63%         3    ####...
 Mephitic Cloud           Conj/Pois/Air  #.......     63%         3    ####...
 Ozocubu's Armour         Chrm/Ice       #.......     63%         3    ####...
 Regeneration             Chrm/Necr      #.........   63%         3    ####...
 Vampiric Draining        Necr           #.........   63%         3    ####...
 Fulminant Prism          Conj/Hex       #.........   85%         4    #####..
 Yara's Violent Unravell  Hex/Tmut       #.........   85%         4    #####..
 Animate Dead             Necr           N/A          95%         4    #####..
 Petrify                  Tmut/Erth      #.......     95%         4    #####..
 Summon Ice Beast         Ice/Summ       #.......     95%         4    #####..
 Throw Icicle             Conj/Ice       #.......     95%         4    #####..
 Metabolic Englaciation   Hex/Ice        #.........   99%         5    ######.
 Silence                  Hex/Air        #.........   99%         5    ######.
 Bolt of Draining         Conj/Necr      #.........   100%        5    ######.
 Summon Lightning Spire   Summ/Air       #.......     100%        5    ######.
 Conjure Ball Lightning   Conj/Air       #.........   100%        6    #######
 Darkness                 Hex            #.........   100%        6    #######
 Deflect Missiles         Chrm/Air       #.........   100%        6    #######
 Dispersal                Tloc           #.........   100%        6    #######
 Tornado                  Air            #.........   100%        9    #######
 Blink                    Tloc           Unusable     N/A         2    N/A
 Controlled Blink         Tloc           Unusable     N/A         8    N/A

Dungeon Overview and Level Annotations

Branches:
Dungeon (11/12)            Temple (1/1) D:4            Lair (4/6) D:9
  Swamp (0/3) Lair:4        Snake (0/3) Lair:2
    Orc: D:8-11      Vaults: D:11-12

Altars:
Ashenzari
Cheibriados
Dithmenos
Elyvilon
Fedhas
Gozag
Hepliaklqana
Kikubaaqudgha
Lugonu
Makhleb
Nemelex Xobeh
Okawaru
Qazlal
Ru
Sif Muna
Trog
Uskayaw
Vehumet
Wu Jian
Xom
Yredelemnul
Zin
The Shining One

Shops:
D:4 (*


Innate Abilities, Weirdness & Mutations

You cannot be hasted, slowed, berserked, paralysed or teleported.
You can dig through walls and to a lower floor.
Your four strong arms can wield two-handed weapons with a shield.
You have a pair of large antennae on your head. (SInv)
You have sharp toenails.
Your magical capacity is low. (-10% MP)


Message History

Unknown command.
You retract your mandibles.
You hit the wolf. You freeze the wolf.
The wolf is encased in ice.
The wolf is slowed by the cold.
The wolf is lightly wounded.
You hit the wolf. You freeze the wolf.
The wolf is slowed by the cold.
The wolf is heavily wounded.
The wolf misses you.
You hit the wolf. You freeze the wolf.
The wolf is slowed by the cold.
The wolf is severely wounded.
You completely miss the wolf.
The wolf is severely wounded.
The wolf misses you.
You hit the wolf. You freeze the wolf.
You kill the wolf!
Dithmenos accepts your kill.
No target in view!
You start resting.
Eating one of 8 chunks of flesh.
You eat one of the 8 chunks of flesh.
This raw flesh tastes terrible.
The wolf bites you but does no damage.
Okay, then.
You closely miss the wolf. You puncture the wolf! You freeze the wolf.
The wolf is encased in ice.
The wolf is slowed by the cold.
The wolf is heavily wounded.
You hit the frost giant.
The frost giant is encased in ice.
The frost giant is lightly wounded.
You hit the frost giant but do no damage.
The frost giant is lightly wounded.
You hit the frost giant.
The frost giant is lightly wounded.
You puncture the frost giant!
The frost giant is lightly wounded.
The frost giant points at you and mumbles some strange words.
The bolt of cold hits you! You resist.
You hit the frost giant but do no damage.
The frost giant is lightly wounded.
You hit the frost giant but do no damage.
The frost giant is lightly wounded.
The frost giant hits you with a +2 battleaxe of freezing!
You hit the frost giant but do no damage.
The frost giant is lightly wounded.
You hit the frost giant.
The frost giant is lightly wounded.
The frost giant points at you and mumbles some strange words.
The bolt of cold misses you.
You hear a howl!
You puncture the frost giant!
The frost giant is moderately wounded.
You hit the frost giant.
The frost giant is moderately wounded.
The frost giant casts a spell at you. The bolt of cold misses you.
You hit the frost giant.
The frost giant is moderately wounded.
You puncture the frost giant!
The frost giant is moderately wounded.
The frost giant points at you and mumbles some strange words.
The bolt of cold misses you.
You hear a howl!
Your leather armour prevents you from hitting the frost giant.
The frost giant is moderately wounded.
You puncture the frost giant!
The frost giant is heavily wounded.
The frost giant hits you with a +2 battleaxe of freezing.
You hit the frost giant but do no damage.
The frost giant is heavily wounded.
You hit the frost giant.
The frost giant is heavily wounded.
The frost giant is no longer encased in ice.
You puncture the frost giant!
The frost giant is encased in ice.
The frost giant is heavily wounded.
The frost giant hits you with a +2 battleaxe of freezing!!
The frost giant freezes you.
All of the chunks of flesh in your inventory have rotted away.
You hit the frost giant.
The frost giant is heavily wounded.
You puncture the frost giant!
The frost giant is severely wounded.
You hear a howl!
The frost giant hits you with a +2 battleaxe of freezing!!
* * * LOW HITPOINT WARNING * * *
The frost giant freezes you.
* * * LOW HITPOINT WARNING * * *
You hit the frost giant.
The frost giant is severely wounded.
You hit the frost giant.
The frost giant is severely wounded.
Okay, then.
Really quaff
I - 8 potions of might {@q3 !q}?
You feel very mighty all of a sudden.
The frost giant hits you with a +2 battleaxe of freezing!
* * * LOW HITPOINT WARNING * * *
The frost giant freezes you.
* * * LOW HITPOINT WARNING * * *
You hit the frost giant.
The frost giant is severely wounded.
You barely miss the frost giant.
The frost giant is severely wounded.
The frost giant hits you with a +2 battleaxe of freezing!
You die...

####≈≈ ####....##
≈≈≈≈≈≈ ####..##
≈≈≈≈≈≈ ###..#
≈≈≈≈≈≈ ###....#
##≈≈≈ ###....###
.## ###....###
#.## ####.÷..###
.#.#####h{.{######
..h.#.C.{###{#h#@#
##..h.{.## ##{#C##
######## #####


You could see a frost giant.

Vanquished Creatures
  Rupert (Lair:4)
  Kirke (Lair:4)
  A minotaur (Gauntlet)
  A hydra (Lair:2)
  A catoblepas (Gauntlet)
  A death yak (Lair:4)
  A worldbinder (Gauntlet)
  A centaur zombie (D:10)
  2 black mambas (Lair:3)
  An ice statue (IceCv)
  4 cane toads
  2 gargoyles
  A torpor snail (Lair:4)
  A centaur skeleton (D:10)
  2 komodo dragons (Lair:1)
  A troll (D:8)
  16 polar bears
  3 hornets (Gauntlet)
  Grinder (D:5)
  Prince Ribbit (Lair:3)
  2 blink frogs (Lair:3)
  5 hippogriffs
  A wraith (D:11)
  A basilisk (Lair:3)
  Eustachio (D:5)
  24 yaks
  The ghost of MisterOstroum the Chopper, an amateur DWAc (D:4)
  5 nagas (Lair:2)
  5 water moccasins
  2 orc warriors
  Duvessa (D:5)
  5 porcupines
  A hornet zombie (D:7)
  4 ice beasts
  2 black bears
  2 eyes of draining
  4 ogres
  8 wolves (IceCv)
  A boggart (Gauntlet)
  2 phantoms
  4 centaurs
  5 crocodiles
  A big kobold (D:9)
  10 bullfrogs
  Dowan (D:5)
  6 scorpions
  4 killer bees (D:8)
  3 howler monkeys
  5 crimson imps
  3 hounds
  7 orc priests
  A bullfrog skeleton (D:5)
  3 jellies
  5 iguanas
  6 worker ants
  3 orc wizards
  2 hound zombies
  2 hound skeletons
  A worker ant zombie (D:9)
  7 adders
  2 shadow imps
  4 white imps (Lair:4)
  3 oozes
  An adder skeleton (D:7)
  4 worms
  2 leopard geckos (D:3)
  27 orcs
  A ball python (D:3)
  4 bats
  3 giant cockroaches (D:2)
  A goblin (D:2)
  5 hobgoblins
  10 jackals
  6 quokkas
  3 frilled lizards (D:3)
  A jackal skeleton (D:4)
  11 kobolds
  3 rats (D:2)
  A fungus (D:9)
291 creatures vanquished.

Vanquished Creatures (others)
  3 white imps (Lair:4)
  12 fungi
  4 plants (D:9)
19 creatures vanquished.

Grand Total: 310 creatures vanquished

Notes
Turn   | Place    | Note
-------+----------+-------------------------------------------
     0 | D:1      | MisterOstroum the Formicid Archaeologist began the quest
                  | for the Orb.
     0 | D:1      | Reached XP level 1. HP: 15/15 MP: 1/1
   745 | D:1      | Reached XP level 2. HP: 23/23 MP: 2/2
  1089 | D:2      | Reached XP level 3. HP: 28/29 MP: 3/3
  1261 | D:2      | Reached skill level 1 in Short Blades
  1540 | D:2      | Reached XP level 4. HP: 23/35 MP: 4/4
  2269 | D:3      | You fall through a shaft for 3 floors!
  2312 | D:7      | Reached XP level 5. HP: 10/43 MP: 5/5
  2314 | D:7      | Gained mutation: Your magical capacity is low. (-10% MP)
                  | [potion of mutation]
  2314 | D:7      | Gained mutation: You have sharp toenails. [potion of
                  | mutation]
  2318 | D:7      | Noticed a phantom
  2587 | D:6      | Noticed an eye of draining
  2598 | D:6      | Reached XP level 6. HP: 47/50 MP: 0/5
  2613 | D:6      | Killed an eye of draining
  2613 | D:6      | Reached skill level 5 in Fighting
  2613 | D:6      | Reached skill level 5 in Short Blades
  2642 | D:6      | Noticed a hippogriff
  2643 | D:6      | Noticed an ogre
  2656 | D:5      | Entered Level 5 of the Dungeon
  2796 | D:5      | Noticed Grinder
  2839 | D:4      | Found a staircase to the Ecumenical Temple.
  2844 | Temple   | Entered the Ecumenical Temple
  3007 | D:4      | Reached XP level 7. HP: 55/56 MP: 6/6
  3107 | D:4      | Found Biulimm's General Store.
  3116 | D:4      | Bought a scroll of remove curse for 33 gold pieces
  4191 | Temple   | Became a worshipper of Dithmenos the Shadowed
  4459 | D:4      | Found a transporter.
  4461 | D:4      | Noticed MisterOstroum's ghost (amateur DWAc)
  4491 | D:4      | Reached XP level 8. HP: 59/65 MP: 7/7
  4599 | D:4      | Reached skill level 5 in Stealth
  4791 | D:4      | Found a transporter.
  4815 | D:4      | Found Qeefath's Weapon Shoppe.
  5033 | D:4      | Killed MisterOstroum's ghost
  5044 | D:4      | Reached skill level 6 in Stealth
  5115 | D:5      | Found a white marble altar of Elyvilon.
  5165 | D:5      | Reached XP level 9. HP: 73/73 MP: 8/8
  5174 | D:5      | Noticed Eustachio
  5179 | D:5      | Reached * piety under Dithmenos
  5190 | D:5      | Killed Eustachio
  5190 | D:5      | Reached skill level 7 in Stealth
  5238 | D:5      | Killed Grinder
  5636 | D:5      | Noticed Dowan
  5636 | D:5      | Noticed Duvessa
  5643 | D:5      | Killed Duvessa
  5644 | D:5      | Killed Dowan
  5644 | D:5      | Reached skill level 8 in Stealth
  6078 | D:6      | Killed a hippogriff
  6609 | D:7      | Reached XP level 10. HP: 83/83 MP: 9/9
  6636 | D:7      | Reached skill level 9 in Stealth
  6822 | D:7      | Reached ** piety under Dithmenos
  7139 | D:7      | Found an iron altar of Okawaru.
  7139 | D:7      | Found an opulent altar of Gozag.
  7193 | D:7      | Reached skill level 1 in Invocations
  7489 | D:8      | Reached skill level 10 in Stealth
  7498 | D:8      | Reached skill level 10 in Fighting
  7498 | D:8      | Reached skill level 10 in Short Blades
  7507 | D:8      | Reached skill level 1 in Evocations
  8152 | D:9      | Reached XP level 11. HP: 90/90 MP: 12/12
  8186 | D:9      | Found a staircase to the Lair.
  8205 | D:9      | Reached *** piety under Dithmenos
  8454 | D:9      | Reached skill level 5 in Dodging
  8459 | D:9      | Reached skill level 5 in Evocations
  8956 | D:10     | Entered Level 10 of the Dungeon
  8978 | D:10     | Reached skill level 1 in Throwing
  9460 | D:10     | Noticed a two-headed ogre
  9739 | D:11     | Noticed a cyan ugly thing
  9919 | Lair:1   | Entered Level 1 of the Lair of Beasts
 10289 | Lair:1   | Your ally MisterOstroum died
 10495 | Lair:1   | Reached skill level 11 in Stealth
 10498 | Lair:1   | Your ally MisterOstroum died
 10560 | Lair:1   | Reached **** piety under Dithmenos
 10790 | Lair:1   | Got a crystal long sword
 10915 | Lair:1   | Your ally MisterOstroum died
 11158 | Lair:2   | Your ally MisterOstroum died
 11196 | Lair:2   | Reached XP level 12. HP: 93/99 MP: 14/14
 11323 | Lair:2   | Your ally MisterOstroum died
 11440 | Lair:2   | Noticed a five-headed hydra
 11478 | Lair:2   | Killed a five-headed hydra
 11806 | Lair:2   | Your ally MisterOstroum died
 11936 | Lair:2   | Your ally MisterOstroum died
 11942 | Lair:2   | Your ally MisterOstroum died
 12082 | Lair:2   | Found a staircase to the Snake Pit.
 12108 | Lair:2   | Your ally MisterOstroum died
 12224 | Lair:2   | Your ally MisterOstroum died
 12594 | Lair:3   | Your ally MisterOstroum died
 12649 | Lair:3   | Got a fine scythe
 12650 | Lair:3   | Identified the +6 scythe of Ytipouni {freeze, rPois rF+
                  | Int+4} (You found it on level 3 of the Lair of Beasts)
 12651 | Lair:3   | Identified the +8 long sword of Death {speed, *Corrode +Inv
                  | Str+6 SInv} (You found it on level 1 of the Lair of Beasts)
 12651 | Lair:3   | Your ally MisterOstroum died
 12735 | Lair:3   | Your ally MisterOstroum died
 12988 | Lair:3   | Reached skill level 5 in Throwing
 13032 | Lair:3   | Reached skill level 12 in Stealth
 13133 | Lair:3   | Noticed Prince Ribbit
 13143 | Lair:3   | Killed Prince Ribbit
 13425 | Lair:4   | Noticed a death yak
 13429 | Lair:4   | Killed a death yak
 13441 | Lair:4   | Found a gate leading to a gauntlet.
 13454 | Gauntlet | Entered a Gauntlet
 13454 | Gauntlet | Found a transporter.
 13454 | Gauntlet | Found a transporter.
 13457 | Gauntlet | Noticed a catoblepas
 13458 | Gauntlet | Found a transporter.
 13479 | Gauntlet | Killed a catoblepas
 13480 | Gauntlet | Found a transporter.
 13484 | Gauntlet | Got a wavering jade ring
 13486 | Gauntlet | Identified the ring "Wukim" {rC+ Dex+3} (You found it in a
                  | Gauntlet)
 13503 | Gauntlet | Found a transporter.
 13511 | Gauntlet | Found a transporter.
 13548 | Gauntlet | Found a transporter.
 13572 | Gauntlet | Identified the Guide on Enthralling Air
 13593 | Gauntlet | Found a transporter.
 13610 | Gauntlet | Noticed a minotaur
 13644 | Gauntlet | Killed a minotaur
 13644 | Gauntlet | Reached XP level 13. HP: 62/108 MP: 15/15
 13661 | Gauntlet | Identified the Collected Works on the Compass
 13724 | Lair:4   | Noticed Kirke
 13729 | Lair:4   | Your ally MisterOstroum died
 13733 | Lair:4   | Killed Kirke
 13755 | Lair:4   | Found a frozen archway.
 13755 | Lair:4   | Noticed Rupert
 13791 | Lair:4   | Killed Rupert
 13791 | Lair:4   | Reached skill level 13 in Stealth
 13868 | IceCv    | Entered an ice cave
 14223 | IceCv    | Learned a level 3 spell: Confuse
 14343 | IceCv    | Your ally MisterOstroum died
 14355 | IceCv    | Reached skill level 1 in Hexes
 14358 | IceCv    | Reached skill level 1 in Spellcasting
 14877 | IceCv    | Noticed a frost giant
 14950 | IceCv    | Mangled by a frost giant

Skill      XL: |  1  2  3  4  5  6  7  8  9 10 11 12 13 |
---------------+----------------------------------------+-----
Fighting       | 2 3 4 5 6 7 9 10 12 | 12.5
Short Blades   | 1 3 4 6 7 8 9 10 | 10.0
Stealth        | 6 8 10 11 12 13 | 13.3
Invocations    | 3 4 |  4.0
Evocations     | 3 5 |  5.2
Dodging        | 4 6 7 8 |  8.9
Throwing       | 3 6 7 |  7.6
Hexes          | 2 |  2.5
Spellcasting   | 2 |  2.2

Action                   |  1- 3 |  4- 6 |  7- 9 | 10-12 | 13-15 || total
-------------------------+-------+-------+-------+-------+-------++-------
Melee: Short sword       |   175 |    40 |       |       |       ||   215
       Unarmed           |     6 |       |       |       |       ||     6
       Rapier            |       |    74 |   108 |       |       ||   182
       Dagger            |       |       |   127 |   372 |   217 ||   716
       Scythe            |       |       |       |     3 |       ||     3
 Fire: Blowgun           |       |       |       |    20 |     8 ||    28
Throw: Stone             |       |    20 |    10 |    15 |    24 ||    69
       Tomahawk          |       |       |       |     9 |       ||     9
Invok: Shadow Step       |       |       |       |    13 |     2 ||    15
 Abil: Dig               |       |       |       |     4 |    12 ||    16
  Use: Potion            |       |     5 |       |       |     4 ||     9
       Scroll            |       |     1 |     2 |    20 |     1 ||    24
 Stab: Sleeping          |       |     2 |     3 |    39 |     1 ||    45
       Distracted        |       |       |     1 |       |       ||     1
  Eat: Chunk             |     2 |     5 |     7 |    20 |     2 ||    36
       Ration            |       |       |     1 |     1 |     1 ||     3
Armor: Scale mail        |    97 |    36 |    37 |       |       ||   170
       Robe              |     4 |     4 |    29 |    27 |       ||    64
       Leather armour    |       |       |       |     9 |    49 ||    58
       Skin              |       |       |       |       |     3 ||     3
Dodge: Dodged            |   102 |    51 |    96 |   121 |   148 ||   518
